Map: Invader LE

Players

Zilvervisje

  • Race: Zerg Zerg
  • League: Gold

capac - Winner!

  • Race: Terran Terran
  • League: Gold

VOD

Have the link to the VOD?

Description

Time

  • Played on: April 11, 2016, 2:04 p.m.
  • Length: 12:54
Show
View Real Time Build Order
Export as new Build Order

Zilvervisje Zerg 

Build Orders: Hatch First 

Get SALT Encoding   

  12  0:02  Drone  
  13  0:13  Overlord  
  13  0:17  Drone  
  14  0:32  Drone x2  
  16  0:36  Drone  
  17  0:46  Drone  
  18  1:02  Hatchery  
  18  1:03  Drone  
  18  1:07  Extractor  
  18  1:08  Drone  
  18  1:18  Drone  
  19  1:24  Spawning Pool  
  18  1:31  Drone  
  19  1:41  Drone  
  20  1:52  Drone  
  21  2:02  Overlord  
  21  2:07  Extractor  
  20  2:11  Queen  
  22  2:17  Roach Warren  
  21  2:29  Drone x3  
  25  2:30  Queen, Drone  
  25  2:33  Metabolic Boost  
  27  2:40  Drone x2  
  28  3:01  Roach  
  28  3:02  Roach x3  
  34  3:16  Drone x2  
  34  3:17  Overlord  
  36  3:31  Overlord  
  36  3:35  Evolution Chamber  
  36  3:38  Evolution Chamber  
  38  3:41  Roach x2  
  38  3:43  Drone  
  38  3:48  Drone  
  40  3:58  Zergling x2  
  40  3:59  Zergling x4  
  40  4:01  Zergling x2  
  44  4:14  Drone x2  
  44  4:15  Drone x2  
  44  4:16  Drone  
  49  4:20  Ravager x2  
  49  4:21  Ravager  
  52  4:27  Overlord  
  48  5:09  Drone x5  
  53  5:20  Zergling x8  
  42  5:35  Drone  
  42  5:36  Drone x2  
  42  5:37  Lair  
  45  5:50  Extractor  
  45  5:55  Extractor  
  43  6:00  Zerg Missile Weapons Level 1  
  43  6:01  Zerg Ground Armor Level 1  
  43  6:02  Hatchery  
  42  6:20  Drone x4  
  42  6:21  Drone x2  
  48  6:38  Spire  
  48  6:39  Roach x2  
  53  6:40  Roach x4  
  53  6:41  Zergling x2  
  53  6:42  Overlord  
  60  7:00  Drone  
  60  7:01  Drone x3  
  64  7:16  Hydralisk Den  
  64  7:19  Spore Crawler  
  64  7:21  Spore Crawler  
  61  7:26  Spore Crawler  
  61  7:29  Spore Crawler  
  59  7:33  Roach x3  
  59  7:34  Overlord x3  
  65  7:43  Overlord  
  65  7:44  Overlord x2  
  65  7:50  Muscular Augments  
  65  7:55  Mutalisk x6  
  65  7:56  Mutalisk  
  79  8:07  Mutalisk x3  
  85  8:21  Zergling x10  
  85  8:22  Zergling x4  
  92  8:42  Hydralisk x4  
  92  8:45  Drone x2  
  102  9:11  Mutalisk x2  
  102  9:14  Overlord x4  
  106  9:35  Drone x3  
Show
View Real Time Build Order
Export as new Build Order

capac Terran - Winner!

Build Orders: Reaper Expand 

Get SALT Encoding   

  12  0:01  SCV  
  13  0:13  SCV  
  14  0:18  Supply Depot  
  14  0:25  SCV  
  15  0:40  SCV  
  15  0:41  Barracks  
  16  0:45  Refinery  
  16  0:52  SCV  
  17  1:04  SCV  
  18  1:16  SCV  
  19  1:28  Reaper  
  19  1:30  Orbital Command  
  20  1:42  Command Center  
  20  1:56  SCV  
  21  2:04  Marine  
  21  2:05  Supply Depot  
  22  2:11  Factory  
  22  2:14  SCV  
  23  2:29  Barracks Reactor  
  23  2:32  Refinery, Barracks, SCV  
  24  2:44  SCV  
  25  2:56  SCV  
  26  3:05  Factory Tech Lab, Marine x2  
  28  3:08  Starport, SCV  
  29  3:18  Orbital Command  
  29  3:22  Barracks Tech Lab  
  29  3:27  Barracks  
  29  3:31  Marine x2  
  31  3:34  SCV  
  31  3:51  Bunker  
  31  3:52  Marine x2  
  31  3:54  Siege Tank  
  36  3:56  Medivac  
  36  4:01  SCV x2  
  40  4:13  SCV x2  
  42  4:18  Refinery  
  42  4:22  Marine x2  
  42  4:24  Barracks Reactor  
  44  4:25  Stimpack  
  44  4:30  SCV x2  
  46  4:36  Supply Depot  
  46  4:38  Supply Depot  
  46  4:41  Marine  
  46  4:42  Marine  
  38  4:55  Marine  
  38  4:59  Marine  
  36  5:02  Marine x3  
  36  5:05  Orbital Command  
  38  5:13  Marine  
  38  5:17  Marine  
  38  5:20  Marine x3  
  37  5:30  Marine  
  37  5:33  Siege Tank  
  37  5:35  Marine, SCV  
  41  5:36  SCV  
  41  5:37  Marine  
  41  5:38  Marine x2  
  46  5:44  Starport Reactor  
  46  5:57  Bunker  
  46  6:05  Command Center  
  46  6:14  Supply Depot  
  46  6:22  Marine x5, SCV x2  
  53  6:29  Supply Depot  
  53  6:35  SCV  
  53  6:36  Siege Tank, SCV, Medivac x2  
  62  6:40  Supply Depot, Marine  
  62  6:45  Barracks  
  63  6:48  SCV  
  63  6:52  Marine x2  
  63  6:53  Marine x2  
  68  7:03  SCV  
  68  7:04  Marine, SCV  
  71  7:10  Supply Depot, Marine  
  72  7:22  Marine  
  72  7:23  Marine x2  
  72  7:29  Marine x2  
  77  7:34  Siege Tank  
  80  7:40  Marine  
  80  7:43  Marine x2  
  84  7:46  Marine  
  85  7:51  Marine  
  85  7:54  Barracks Reactor  
  85  7:58  Marine  
  85  7:59  SCV x2  
  85  8:01  Marine x2  
  90  8:11  SCV x2  
  92  8:23  SCV x2  
  94  8:35  Marine x6, SCV  
  94  8:36  Marine  
  94  8:37  Engineering Bay  
  102  8:53  Marine  
  97  9:02  Medivac x2  
  96  9:14  Missile Turret x2  
  96  9:15  Missile Turret  
  96  9:22  Supply Depot  
  90  10:07  Marine x6  
  90  10:08  Marine  
  97  10:21  Siege Tank, Liberator x2  
  100  10:25  Marine x2  
  100  10:26  Marine  
  102  10:30  Marine  
  97  10:48  Marine x2  
  97  10:49  Marine x4  
  102  12:07  Marine  
  102  12:08  Marine  
  102  12:10  Marine  
  102  12:16  Marine  
Tags
 
Add a new tag
Caveats
  • Supply blocks, unpowered buildings, or Contaminate may cause inaccurate times.
  • Supply counts are checked every 10 seconds.